 Dungeon Crawl Stone Soup version 0.30-a0-1035-g38d5fb2972 (webtiles) character file.

Game seed: 7995860227895377069

70 voltaire321 the Chiller (level 4, -7/32 HPs)
             Began as a Merfolk Ice Elementalist on Apr 9, 2023.
             Mangled by an iguana (10 damage)
             ... on level 3 of the Dungeon.
             The game lasted 00:04:27 (2370 turns).

voltaire321 the Chiller (Merfolk Ice Elementalist)  Turns: 2370, Time: 00:04:28

Health: -7/32      AC:  2    Str: 10    XL:     4   Next: 21%
Magic:  1/7        EV: 13    Int: 14    God:
Gold:   26         SH:  0    Dex: 14    Spells: 4/8 levels left

rFire   . . .      SeeInvis .    k - +0 rapier
rCold   . . .      Faith    .    (no shield)
rNeg    . . .      Spirit   .    a - +0 robe
rPois   .          Reflect  .    (no helmet)
rElec   .          Rampage  .    (no cloak)
rCorr   +                        (no gloves)
Will    .....                    (no boots)
Stlth   ++                       (no amulet)
HPRegen 0.25/turn                f - ring of resist corrosion
MPRegen 0.10/turn                (no ring)

@: no status effects
A: (nimble swimmer 2), mertail
a: no special abilities


You were on level 3 of the Dungeon.
You visited 1 branch of the dungeon, and saw 3 of its levels.

You collected 52 gold pieces.
You spent 26 gold pieces at shops.

Inventory:

Hand Weapons
 k - a +0 rapier (weapon)
Armour
 a - a +0 robe (worn)
Jewellery
 f - a ring of resist corrosion (left hand)
 g - an amulet of faith
Scrolls
 c - a scroll of teleportation {unknown}
 d - a scroll of acquirement {unknown}
 m - a scroll of amnesia {unknown}
Potions
 b - 2 potions of magic
 e - a potion of heal wounds
 i - a potion of cancellation {unknown}
 j - a potion of invisibility {unknown}
 l - a potion of flight {unknown}


   Skills:
 + Level 1.5 Fighting
 + Level 1.0 Armour
 + Level 3.5 Dodging
 - Level 2.1 Stealth
 + Level 2.5 Spellcasting
 + Level 4.8 Ice Magic


You had 4 spell levels left.
You knew the following spells:

 Your Spells              Type           Power      Damage    Failure   Level
a - Freeze                Ice            60%        1d7       3%          1
b - Frozen Ramparts       Ice            30%        1d5       10%         3

Your spell library contained the following spells:

 Spells                   Type           Power      Damage    Failure   Level
 Ozocubu's Armour         Ice            15%        N/A       10%         3
 Scorch                   Fire           2%         2d5       34%         2
 Summon Ice Beast         Ice/Summ       8%         N/A       63%         4
 Flame Wave               Conj/Fire      1%         2d4       92%         4
 Summon Cactus Giant      Summ           0%         N/A       100%        6


Dungeon Overview and Level Annotations

Branches:
Dungeon (3/15)

Altars:

Shops:
D:2 *


Innate Abilities, Weirdness & Mutations

((You are very nimble when in or above water. (Stealth+, EV+, Speed+++)))
Your lower body shifts to a powerful aquatic tail in water.


Message History

You kill the adder!
The iguana hisses angrily.
Your Armour skill increases to level 1!
Aiming: Freeze (safe; 3% risk of failure)
Press: ? - help, Q - select action Shift-Dir - straight line, f - endoplasm
Aim: an endoplasm You freeze the endoplasm.
You kill the endoplasm!
Aiming: Freeze (safe; 3% risk of failure)
Press: ? - help, Q - select action Shift-Dir - straight line, f - iguana
Aim: an iguana You freeze the iguana.
The iguana is lightly wounded.
The iguana seems to slow down.
The iguana bites you!
Aiming: Freeze (safe; 3% risk of failure)
Press: ? - help, Q - select action Shift-Dir - straight line, f/p - iguana
Aim: an iguana (lightly wounded, slow)
You freeze the iguana.
The iguana is moderately wounded.
The iguana seems to slow down.
The iguana bites you!
* * * LOW HITPOINT WARNING * * *
Aiming: Freeze (safe; 3% risk of failure)
Press: ? - help, Q - select action Shift-Dir - straight line, f/p - iguana
Aim: an iguana (moderately wounded, slow)
You freeze the iguana.
The iguana is heavily wounded.
You barely miss the iguana.
The iguana is heavily wounded.
The iguana bites you.
* * * LOW HITPOINT WARNING * * *
You barely miss the iguana.
The iguana is heavily wounded.
The iguana bites you.
* * * LOW HITPOINT WARNING * * *
You hit the iguana.
The iguana is almost dead.
The iguana bites you!
You die...

.............
#...........#
#..........#
#..........#
#..........#
#..........#
#....l.....#
#....@>....#
##.....##### #.#...#
#.....#
#######.....###
#.....)......... ##.
#.####...#.....# ..
#..........#######.#
#####....### #..


You could see an iguana (slow).

Vanquished Creatures
  2 adders (D:3)
  2 worms (D:2)
  4 ball pythons
  8 endoplasms
  4 goblins
  7 hobgoblins
  A kobold (D:2)
  2 quokkas
  4 bats (D:1)
  3 frilled lizards
  3 rats
40 creatures vanquished.

Notes
Turn   | Place    | Note
-------+----------+-------------------------------------------
     0 | D:1      | voltaire321 the Merfolk Ice Elementalist began the quest
                  | for the Orb.
     0 | D:1      | Reached XP level 1. HP: 13/13 MP: 3/3
   179 | D:1      | Reached XP level 2. HP: 20/20 MP: 5/5
  1015 | D:2      | Reached skill level 1 in Fighting
  1025 | D:2      | Reached XP level 3. HP: 26/26 MP: 3/6
  1604 | D:2      | Found Delea's General Store.
  1610 | D:2      | Bought a scroll of identify for 26 gold pieces
  1900 | D:2      | Learned a level 3 spell: Frozen Ramparts
  2277 | D:3      | Reached XP level 4. HP: 26/32 MP: 2/7
  2362 | D:3      | Reached skill level 1 in Armour
  2370 | D:3      | Mangled by an iguana

Illustrated notes

Levels and vault maps discovered:
D:1:      minmay_arrival_radiant_lines, layout_basic
D:2:      layout_basic, serial_shops, shop
D:3:      layout_rooms, hangedman_decor_growths, item_on_display_a

Skill      XL: |  1  2  3  4 |
---------------+-------------+-----
Dodging        | 3 |  3.5
Fighting       | 1 |  1.5
Armour         | 1 |  1.0
Stealth        | |  2.1
Spellcasting   | |  2.5
Ice Magic      | |  4.8

Action                     |  1- 3 |  4- 6 || total
---------------------------+-------+-------++-------
  Melee: Unarmed           |    10 |       ||    10
         Dagger            |     8 |       ||     8
         Rapier            |     5 |     3 ||     8
         Punch             |     1 |       ||     1
   Cast: Freeze            |    56 |     9 ||    65
    Use: Scroll            |     2 |       ||     2
   Stab: Sleeping          |     3 |       ||     3
 Armour: Robe              |     7 |       ||     7
  Dodge: Dodged            |    33 |     1 ||    34

Table legend: (Time is in decaauts)
 A = Elapsed time spent in this place.
 B = Non-inter-level travel time spent in this place.
 C = Inter-level travel time spent in this place.
 D = Time resting spent in this place.
 E = Time spent auto-exploring this place.
 F = Levels seen in this place.
 G = Mean time per level.
                   A        B        C        D        E       F      G
               +--------+--------+--------+--------+--------+-----+--------+
         Total |   2369 |   2322 |     47 |    481 |   1477 |   3 |  789.7 |
       Dungeon |   2369 |   2322 |     47 |    481 |   1477 |   3 |  789.7 |
               +--------+--------+--------+--------+--------+-----+--------+

Top non-repeatable levels by time:
     D:1: 974 daAuts
     D:2: 972 daAuts
     D:3: 422 daAuts
